 Dungeon Crawl Stone Soup version 0.16-a0-3272-g378764d (webtiles) character file.

743 JJLee the Cudgeler (level 7, 52/52 HPs)
             Began as a Demonspawn Fighter on Jan 29, 2015.
             Was an Initiate of Okawaru.
             Quit the game on level 5 of the Dungeon.
             The game lasted 00:09:40 (3560 turns).

JJLee the Cudgeler (Demonspawn Fighter)             Turns: 3560, Time: 00:09:40

Health: 52/52      AC:  9    Str: 18    XL:     7   Next: 47%
Magic:  7/7        EV:  7    Int: 10    God:    Okawaru [......]
Gold:   158        SH:  8    Dex: 12    Spells: 0 memorised, 6 levels left

rFire  . . .     SeeInvis .     a - +1 flail
rCold  . . .     Clarity  .     b - +0 scale mail
rNeg   . . .     SustAb   .     c - +0 shield
rPois  .         Gourm    .     r - +1 helmet
rElec  .         Spirit   .     (no cloak)
rCorr  .         Warding  .     (no gloves)
rMut   .         Stasis   .     h - +0 pair of boots
MR     .....                    (no amulet)
Stlth  ..........               (no ring)
                                (no ring)

@: not resistant to hostile enchantments, extremely unstealthy
A: claws 2, spiny 1, rot immunity
a: Renounce Religion


You were on level 5 of the Dungeon.
You worshipped Okawaru.
Okawaru was noncommittal.
You were not hungry.

You visited 2 branches of the dungeon, and saw 6 of its levels.

You collected 158 gold pieces.

Inventory:

Hand weapons
 a - a +1 flail (weapon)
Armour
 b - a +0 scale mail (worn)
 c - a +0 shield (worn)
 h - a +0 pair of boots (worn)
 r - a +1 helmet (worn)
Magical devices
 e - a wand of digging (12)
Scrolls
 f - a scroll of remove curse
Potions
 s - a potion of resistance
Comestibles
 d - 4 bread rations


   Skills:
 - Level 3.0 Fighting
 + Level 7.8 Maces & Flails
 - Level 2.6 Armour
 - Level 2.6 Shields


You had 6 spell levels left.
You didn't know any spells.

Dungeon Overview and Level Annotations

Branches:
Dungeon (5/15)             Temple (1/1) D:5

Altars:
Ashenzari
Cheibriados
Dithmenos
Elyvilon
Gozag
Kikubaaqudgha
Makhleb
Nemelex Xobeh
Okawaru
Qazlal
Ru
Trog
Vehumet
The Shining One


Innate Abilities, Weirdness & Mutations

You have very sharp fingernails.
You are partially covered in sharp spines.
You are immune to rotting.


Message History

Found a glowing golden altar of the Shining One.
Found two altars.
Found an ancient bone altar of Kikubaaqudgha.
Done exploring.
Done exploring.
Search for what [? for help]? alta
There is a sacrificial altar of Ru here.
There is an iron altar of Okawaru here.
You kneel at the altar of Okawaru.
Okawaru welcomes you!
(D) Dungeon (T) Temple
Where to? (Enter - Temple @ (x,y), ? - help) You're already here!
You can't go up here!
(D) Dungeon (T) Temple
Where to? (Enter - Temple, ? - help)
There is a staircase back to the Dungeon here.
You climb upwards.
Welcome back to the Dungeon!
There is a staircase to the Ecumenical Temple here.
Are you sure you want to abandon this character and quit the game? (Confirm with "yes".)

## ##...[..## ##.......#..# .#
##....######.....#####.# .##
####..............## #..#
..#####..........#####..# ....
#......>.........# ##.# ##..##
.............###+### #..###..##
..#..........#.....# ##...#...#
.##......#...#.###.###.......#
###.....##...'.'@#.+.........#
###....###...#.###.#.........####
##.....##..###.....#......##...##
#.....###..#####+###.....# ###...
............#....# #....# ##...#
........##<.....## #...# ##.#..#
.......####.....# #..# ##.#..##
.....### ##....####..####.##..#
....## ##......<...##.###..#


There were no monsters in sight!

Vanquished Creatures
  The ghost of JJLee the Cutter, an experienced VSFi (D:5)
  2 phantoms
  A giant frog skeleton (D:4)
  4 worker ants
  An orc wizard (D:3)
  Jessica (D:2)
  Robin (D:4)
  4 gnolls
  4 adders
  A giant mite (D:3)
  2 worms (D:2)
  2 oozes
  4 orcs (D:3)
  A ball python (D:3)
  14 goblins
  11 hobgoblins
  6 jackals
  9 kobolds
  6 bats
  4 giant cockroaches
  2 giant newts
  9 rats
  3 ballistomycetes (D:5)
93 creatures vanquished.

Vanquished Creatures (others)
  A giant spore (D:5)
1 creature vanquished.

Grand Total: 94 creatures vanquished

Notes
Turn   | Place    | Note
--------------------------------------------------------------
     0 | D:1      | JJLee, the Demonspawn Fighter, began the quest for the Orb.
     0 | D:1      | Reached XP level 1. HP: 18/18 MP: 1/1
   157 | D:1      | Gained mutation: You have sharp fingernails. [demonic ancestry]
   157 | D:1      | Reached XP level 2. HP: 9/24 MP: 2/2
   546 | D:2      | Reached XP level 3. HP: 12/29 MP: 3/3
   728 | D:1      | HP: 1/29 [gnoll (1)]
   972 | D:2      | Gained mutation: You have very sharp fingernails. [demonic ancestry]
   972 | D:2      | Reached XP level 4. HP: 8/35 MP: 4/4
  1363 | D:2      | Reached skill level 4 in Maces & Flails
  1397 | D:2      | Found a radiant altar of Vehumet.
  1529 | D:2      | Noticed Jessica
  1546 | D:2      | Killed Jessica
  1823 | D:3      | Reached XP level 5. HP: 32/41 MP: 5/5
  1843 | D:3      | Reached skill level 5 in Maces & Flails
  2275 | D:4      | Found a stormy altar of Qazlal.
  2275 | D:4      | Noticed a phantom
  2299 | D:4      | Killed a phantom
  2299 | D:4      | Gained mutation: You are immune to rotting. [demonic ancestry]
  2299 | D:4      | Reached XP level 6. HP: 33/47 MP: 6/6
  2342 | D:4      | Reached skill level 6 in Maces & Flails
  2353 | D:4      | Noticed Robin
  2385 | D:4      | Killed Robin
  2620 | D:5      | Entered Level 5 of the Dungeon
  3283 | D:5      | Noticed JJLee's ghost (experienced VSFi)
  3305 | D:5      | Killed JJLee's ghost
  3305 | D:5      | Reached skill level 7 in Maces & Flails
  3305 | D:5      | Gained mutation: You are partially covered in sharp spines. [demonic ancestry]
  3305 | D:5      | Reached XP level 7. HP: 34/52 MP: 7/7
  3425 | D:5      | Found a staircase to the Ecumenical Temple.
  3429 | Temple   | Entered the Ecumenical Temple
  3530 | Temple   | Became a worshipper of Warmaster Okawaru
  3560 | D:5      | Quit the game

Action                   |  1- 3 |  4- 6 |  7- 9 || total
-------------------------+-------+-------+-------++-------
Melee: Flail             |    94 |   293 |    18 ||   405
Evoke: Wand              |       |     1 |       ||     1
  Use: Potion            |     1 |    12 |       ||    13
       Scroll            |       |    11 |       ||    11
 Stab: Invisible         |       |     1 |       ||     1
  Eat: Chunk             |       |     8 |     2 ||    10
